 Dungeon Crawl Stone Soup version 0.26.1-11-gd32895ea62 (webtiles) character file.

Game seed: 8517017693078867140

903 Tirrikindir the Fighter (level 7, -6/62 HPs)
             Began as a Demonspawn Fighter on June 14, 2021.
             Was a Follower of Dithmenos.
             Mangled by a two-headed ogre
             ... wielding a +0 giant spiked club
              (10 damage)
             ... on level 5 of the Dungeon.
             The game lasted 00:10:08 (4646 turns).

Tirrikindir the Fighter (Demonspawn Fighter)        Turns: 4646, Time: 00:10:09

Health: -6/62      AC: 18    Str: 17    XL:     7   Next: 80%
Magic:  12/12      EV:  7    Int:  9    God:    Dithmenos [*.....]
Gold:   255        SH: 12    Dex: 10    Spells: 6/6 levels left

rFire    . . .     SeeInvis .   a - +3 flail
rCold    . . .     Faith    .   c - +3 kite shield
rNeg     . . .     Spirit   .   t - +0 chain mail
rPois    .         Reflect  .   v - +0 helmet
rElec    .         Harm     .   q - +0 cloak
rCorr    .         Rampage  .   (no gloves)
Will     .....                  (no boots)
Stlth    ..........             m - amulet of regeneration
HPRegen  0.60/turn              u - -4 ring of dexterity (curse)
MPRegen  0.13/turn              (no ring)

@: mighty, sanguine armour, wreathed by umbra
A: foul stench 1, miasma immunity, sanguine armour 1
a: Renounce Religion


You were on level 5 of the Dungeon.
You worshipped Dithmenos.
Dithmenos was aware of your devotion.
You visited 2 branches of the dungeon, and saw 6 of its levels.

You collected 255 gold pieces.

Inventory:

Hand Weapons
 a - a +3 flail (weapon)
Missiles
 j - 15 poisoned darts (quivered)
Armour
 c - a +3 kite shield (worn)
 q - a +0 cloak (worn)
 t - a +0 chain mail (worn)
 v - a +0 helmet (worn)
Jewellery
 m - an amulet of regeneration (around neck)
 u - a cursed -4 ring of dexterity (left hand)
Wands
 i - a wand of digging (5)
 w - a wand of flame (13)
Scrolls
 n - a scroll of amnesia
 o - a scroll of teleportation
 r - a scroll of immolation
 s - 3 scrolls of magic mapping
Potions
 d - 2 potions of might
 e - 2 potions of lignification
 f - 2 potions of curing
 g - 2 potions of resistance
 h - a potion of heal wounds
 k - a potion of berserk rage
 l - a potion of degeneration {unknown}


   Skills:
 + Level 8.2 Fighting
 - Level 1.7 Maces & Flails
 + Level 6.0 Armour
 - Level 5.0 Dodging
 + Level 5.9 Shields
 + Level 6.8 Invocations
 + Level 1.0 Evocations


You had 6 spell levels left.
You didn't know any spells.
Your spell library was empty.

Dungeon Overview and Level Annotations

Branches:
Dungeon (5/15)             Temple (1/1) D:4

Altars:
Ashenzari
Cheibriados
Dithmenos
Elyvilon
Fedhas
Gozag
Hepliaklqana
Kikubaaqudgha
Makhleb
Nemelex Xobeh
Okawaru
Qazlal
Ru
Trog
Uskayaw
Vehumet
Wu Jian
Xom


Innate Abilities, Weirdness & Mutations

You may emit foul miasma when damaged in melee.
You are immune to miasma.
When seriously injured, your bleeding wounds create armour. (AC +6)


Message History

The two-headed ogre is heavily wounded.
The two-headed ogre is engulfed in dark miasma.
The two-headed ogre looks even sicker.
The two-headed ogre hits you but does no damage. x2
You barely miss the two-headed ogre.
The two-headed ogre is heavily wounded.
The two-headed ogre is engulfed in dark miasma.
The two-headed ogre looks even sicker.
The two-headed ogre hits you with a +0 giant spiked club!
The two-headed ogre hits you with a +0 giant club!
* * * LOW HITPOINT WARNING * * *
You barely miss the two-headed ogre.
The two-headed ogre is almost dead.
The two-headed ogre is engulfed in dark miasma.
The two-headed ogre looks as sick as possible!
The two-headed ogre seems to slow down.
The two-headed ogre hits you with a +0 giant spiked club!
* * * LOW HITPOINT WARNING * * *
The two-headed ogre hits you with a +0 giant club!
You die...

#.#..# #.#..#
#.#..# ### .
#.#.## #..
...^###'#.# #.#
..........#####.#
..............#.#
..........###.#.#
##.#......# #.#@#
# ######## #.#O#
#####.#5#
#......o#
#####....#.#
...........#
...........+
...........#
#.###......#


You could see a two-headed ogre (extremely poisoned, slow, sick), an orc priest
and an ufetubus.

Vanquished Creatures
  Sigmund (D:4)
  An ogre (D:5)
  A howler monkey (D:5)
  2 orc priests
  An orc wizard (D:4)
  Crazy Yiuf (D:3)
  Ijyb (D:4)
  A worker ant (D:3)
  8 adders
  2 oozes
  8 worms
  A dart slug (D:2)
  3 leopard geckos
  20 orcs
  3 giant cockroaches
  13 goblins
  4 hobgoblins
  5 jackals
  A quokka (D:3)
  9 bats
  4 frilled lizards
  6 kobolds
  8 rats
104 creatures vanquished.

Vanquished Creatures (others)
  4 fungi (D:3)
4 creatures vanquished.

Grand Total: 108 creatures vanquished

Notes
Turn   | Place    | Note
-------+----------+-------------------------------------------
     0 | D:1      | Tirrikindir the Demonspawn Fighter began the quest for the
                  | Orb.
     0 | D:1      | Reached XP level 1. HP: 18/18 MP: 1/1
    82 | D:1      | Gained mutation: You are immune to miasma. [demonic
                  | ancestry]
    82 | D:1      | Reached XP level 2. HP: 20/24 MP: 2/2
   619 | D:1      | Reached skill level 1 in Dodging
   811 | D:2      | Gained mutation: When seriously injured, your bleeding
                  | wounds create armour. (AC +6) [demonic ancestry]
   811 | D:2      | Reached XP level 3. HP: 29/29 MP: 3/3
  1047 | D:2      | Found a hide-covered altar of Uskayaw.
  1185 | D:2      | Gained mutation: You may emit foul miasma when damaged in
                  | melee. [demonic ancestry]
  1185 | D:2      | Reached XP level 4. HP: 19/35 MP: 4/4
  2242 | D:2      | Found a shadowy altar of Dithmenos.
  2245 | D:2      | Became a worshipper of Dithmenos the Shadowed
  2622 | D:3      | Reached skill level 1 in Invocations
  2622 | D:3      | Reached XP level 5. HP: 42/42 MP: 5/5
  2673 | D:3      | Reached skill level 4 in Fighting
  2769 | D:3      | Found a runed translucent door.
  2770 | D:3      | Noticed Crazy Yiuf
  2777 | D:3      | Killed Crazy Yiuf
  2892 | D:3      | Reached * piety under Dithmenos
  3526 | D:4      | Noticed Ijyb
  3619 | D:4      | Reached skill level 8 in Fighting
  3619 | D:4      | Reached skill level 5 in Armour
  3619 | D:4      | Reached skill level 5 in Shields
  3619 | D:4      | Reached XP level 6. HP: 56/56 MP: 6/10
  3660 | D:4      | Reached XP level 7. HP: 62/62 MP: 11/11
  3682 | D:4      | Found a staircase to the Ecumenical Temple.
  3691 | Temple   | Entered the Ecumenical Temple
  4097 | D:4      | Killed Ijyb
  4135 | D:4      | Noticed Sigmund
  4146 | D:4      | Killed Sigmund
  4340 | D:5      | Entered Level 5 of the Dungeon
  4510 | D:5      | Reached skill level 5 in Dodging
  4510 | D:5      | Reached skill level 1 in Evocations
  4626 | D:5      | Noticed a two-headed ogre
  4646 | D:5      | Mangled by a two-headed ogre

Illustrated notes

Levels and vault maps discovered:
D:1:      wheals_arrival_shading, layout_rooms
D:2:      layout_basic, eat_drink_and_be_merry_uskayaw, marbit_many_paths
D:3:      layout_loops_ring, uniq_crazy_yiuf_cottage
D:4:      layout_basic, minmay_temple_entry_waves, minmay_misc_feat_plants,
          uniq_sigmund, uniq_ijyb
D:5:      layout_basic, nicolae_tso_carved_into_rock, ebering_ghost_rock_garden,
          serial_shops, shop, minmay_manual_mail
Temple:   eino_temple_scatter_basement

Skill      XL: |  1  2  3  4  5  6  7 |
---------------+----------------------+-----
Armour         | 3 5 6 |  6.0
Dodging        | 1 4 5 |  5.0
Shields        | 3 5 |  5.9
Invocations    | 1 6 |  6.8
Fighting       | 8 |  8.2
Evocations     | 1 |  1.0
Maces & Flails | |  1.7

Action                   |  1- 3 |  4- 6 |  7- 9 || total
-------------------------+-------+-------+-------++-------
Melee: Flail             |   132 |   163 |    84 ||   379
Throw: Dart              |       |     1 |       ||     1
  Use: Scroll            |     7 |     7 |     5 ||    19
       Potion            |       |     1 |     4 ||     5
Armor: Scale mail        |    61 |    27 |       ||    88
       Chain mail        |       |       |    30 ||    30
Dodge: Dodged            |    47 |    48 |    25 ||   120
Block: Kite shield       |    87 |    71 |    50 ||   208
